Map: Ever Dream LE

Players

ToIsengard

  • Race: Protoss Protoss
  • League: Grandmaster
  • Spawn Location: 1:00

uwuThermal (uThermal) - Winner!

  • Race: Terran Terran
  • League: Grandmaster
  • Spawn Location: 7:00

VOD

Have the link to the VOD?

Description

Banshee Mine into BC Mine build from utopien executed by uthermal

Time

  • Played on: Aug. 8, 2020, 11:37 a.m.
  • Length: 26:23
Show
View Real Time Build Order
Export as new Build Order

ToIsengard Protoss 

Build Orders: 1 Gate Expand, Colossus Rush 

Get SALT Encoding   

  12  0:01  Probe  
  13  0:13  Probe  
  14  0:18  Pylon  
  14  0:25  Probe  
  15  0:36  Gateway  
  15  0:38  Probe (Chrono Boost)  
  16  0:48  Assimilator, Probe (Chrono Boost)  
  17  0:53  Probe (Chrono Boost)  
  18  1:04  Probe  
  19  1:16  Probe  
  20  1:23  Cybernetics Core  
  20  1:33  Nexus  
  20  1:39  Pylon  
  20  1:43  Probe  
  21  1:48  Assimilator  
  21  1:55  Probe  
  21  1:56  Adept (Chrono Boost)  
  21  2:00  Warp Gate  
  24  2:07  Probe  
  25  2:18  Adept (Chrono Boost)  
  25  2:19  Probe  
  27  2:31  Probe  
  28  2:39  Robotics Facility  
  28  2:43  Probe  
  29  2:50  Probe (Chrono Boost)  
  31  3:01  Probe (Chrono Boost)  
  31  3:02  Probe (Chrono Boost)  
  32  3:06  Gateway, Stalker  
  32  3:08  Probe (Chrono Boost)  
  32  3:09  Probe (Chrono Boost)  
  38  3:20  Probe (Chrono Boost)  
  38  3:22  Probe (Chrono Boost)  
  38  3:25  Probe (Chrono Boost), Pylon  
  39  3:27  Observer  
  39  3:29  Probe  
  41  3:34  Probe  
  41  3:41  Probe  
  42  3:54  Probe x2  
  42  3:55  Observer  
  45  4:01  Stalker x2  
  49  4:05  Pylon  
  49  4:06  Probe  
  49  4:10  Probe, Nexus  
  49  4:15  Assimilator  
  49  4:16  Pylon  
  50  4:18  Assimilator  
  50  4:19  Pylon, Observer  
  50  4:22  Probe x2 (Chrono Boost)  
  53  4:26  Robotics Bay  
  55  4:32  Probe (Chrono Boost)  
  55  4:34  Probe (Chrono Boost)  
  55  4:37  Probe (Chrono Boost), Observer  
  55  4:38  Observer  
  55  4:39  Pylon  
  55  4:42  Probe  
  55  4:43  Stalker x2  
  61  4:48  Probe  
  62  4:54  Probe  
  63  5:00  Probe  
  63  5:03  Observer  
  63  5:06  Probe, Stalker x2  
  70  5:09  Shield Battery  
  70  5:12  Probe  
  71  5:18  Forge  
  71  5:20  Probe (Chrono Boost)  
  69  5:25  Probe (Chrono Boost)  
  70  5:28  Probe (Chrono Boost)  
  70  5:36  Probe (Chrono Boost)  
  70  5:37  Probe (Chrono Boost)  
  70  5:39  Probe (Chrono Boost)  
  70  5:41  Twilight Council  
  70  5:42  Sentry, Stalker  
  76  5:45  Probe (Chrono Boost)  
  76  5:46  Probe (Chrono Boost)  
  76  5:47  Probe (Chrono Boost)  
  76  5:49  Protoss Ground Weapons Level 1  
  78  5:51  Probe x2 (Chrono Boost)  
  78  5:53  Colossus (Chrono Boost)  
  78  5:55  Probe  
  87  6:03  Probe x2  
  89  6:04  Shield Battery  
  89  6:06  Pylon  
  89  6:08  Probe  
  89  6:09  Gateway  
  90  6:15  Probe, Pylon  
  90  6:17  Stalker  
  93  6:21  Extended Thermal Lance  
  93  6:24  Probe  
  94  6:26  Probe  
  94  6:31  Blink (Chrono Boost), Stalker  
  94  6:32  Probe  
  98  6:34  Photon Cannon  
  98  6:36  Assimilator  
  98  6:37  Assimilator  
  98  6:43  Gateway, Observer  
  98  6:47  Gateway  
  98  6:50  Probe  
  98  6:51  Stalker  
  99  6:54  Pylon  
  99  6:55  Probe  
  99  6:58  Stalker  
  100  7:06  Pylon  
  100  7:07  Pylon  
  100  7:08  Colossus (Chrono Boost)  
  100  7:14  Probe  
  100  7:15  Probe  
  106  7:16  Probe  
  106  7:21  Stalker x2  
  111  7:31  Probe, Gateway  
  111  7:32  Forge, Stalker  
  114  7:37  Observer  
  114  7:41  Probe  
  115  7:45  Robotics Facility  
  115  7:46  Stalker x4  
  115  7:49  Pylon  
  123  7:54  Probe  
  123  7:57  Observer  
  124  8:02  Nexus  
  124  8:03  Protoss Ground Weapons Level 2  
  124  8:12  Stalker x4  
  128  8:15  Charge (Chrono Boost), Stalker  
  134  8:21  Gravitic Boosters (Chrono Boost)  
  134  8:22  Pylon  
  134  8:24  Protoss Ground Armor Level 1  
  134  8:33  Probe  
  134  8:38  Probe  
  134  8:40  Stargate  
  134  8:41  Photon Cannon  
  135  8:46  Photon Cannon  
  135  8:47  Observer (Chrono Boost), Nexus  
  135  8:51  Photon Cannon  
  135  8:56  Stalker  
  135  8:57  Stalker x2  
  144  9:04  Disruptor (Chrono Boost)  
  144  9:05  Probe, Pylon, Disruptor (Chrono Boost)  
  144  9:07  Pylon  
  144  9:09  Pylon  
  146  9:20  Probe  
  146  9:23  Probe  
  148  9:25  Phoenix (Chrono Boost)  
  150  9:37  Probe  
  150  9:38  Probe, Photon Cannon  
  152  9:41  Photon Cannon  
  152  9:44  Pylon  
  152  9:45  Disruptor (Chrono Boost)  
  152  9:47  Probe  
  152  9:50  Fleet Beacon  
  152  9:51  Stargate  
  156  9:57  Probe, Disruptor (Chrono Boost)  
  156  9:59  Probe  
  161  10:00  Assimilator  
  161  10:04  Assimilator, Photon Cannon, Probe  
  162  10:08  Photon Cannon x2  
  162  10:09  Pylon  
  162  10:10  Disruptor (Chrono Boost)  
  165  10:15  Phoenix (Chrono Boost)  
  165  10:18  Stalker x3  
  171  10:28  Stalker x3  
  169  10:37  Probe x3  
  172  10:50  Tempest (Chrono Boost)  
  182  10:57  Disruptor  
  182  10:59  Tempest (Chrono Boost)  
  182  11:03  Photon Cannon  
  185  11:05  Assimilator, Shield Battery  
  185  11:08  Disruptor  
  188  11:20  Zealot x2, Protoss Ground Weapons Level 3 (Chrono Boost)  
  188  11:21  Zealot x2  
  188  11:23  Gateway  
  190  11:39  Tempest  
  192  12:11  Observer  
  186  12:30  Stalker x3  
  186  12:31  Nexus  
  192  12:37  Pylon  
  192  12:46  Phoenix x2 (Chrono Boost), Pylon  
  191  12:58  Photon Cannon  
  191  12:59  Photon Cannon  
  191  13:02  Phoenix  
  190  13:13  Tempest  
  195  13:21  Observer  
  191  13:27  Zealot x4  
  197  13:39  Zealot x2  
  199  13:52  Photon Cannon  
  199  13:55  Phoenix  
  193  14:00  Nexus  
  191  14:11  Probe x3  
  190  14:18  Stalker x5  
  190  14:20  Phoenix (Chrono Boost)  
  198  14:24  Probe, Photon Cannon  
  198  14:26  Photon Cannon  
  198  14:30  Probe, Photon Cannon x2, Assimilator, Anion Pulse-Crystals  
  196  14:31  Assimilator, Photon Cannon  
  196  14:32  Protoss Shields Level 1, Photon Cannon  
  196  14:33  Probe x2  
  196  14:34  Photon Cannon x2  
  196  14:36  Probe  
  193  14:41  Observer  
  193  14:42  Probe  
  193  14:45  Probe, Observer  
  187  14:47  Cybernetics Core  
  187  14:49  Cybernetics Core  
  187  14:50  Probe  
  188  14:53  Photon Cannon  
  188  14:56  Pylon x2, Tempest (Chrono Boost)  
  188  14:58  Photon Cannon  
  193  15:01  Pylon  
  193  15:02  Pylon  
  193  15:03  Zealot x3  
  199  15:13  Tempest (Chrono Boost)  
  193  15:21  Protoss Ground Armor Level 2, Dark Shrine  
  193  15:25  Probe x2  
  193  15:26  Probe  
  193  15:27  Probe, Tempest (Chrono Boost)  
  191  15:45  Stargate  
  191  15:48  Stargate  
  191  15:49  Tempest (Chrono Boost)  
  196  15:50  Probe x3  
  196  15:52  Probe  
  196  15:56  Stargate  
  200  16:08  Protoss Air Armor Level 1 (Chrono Boost), Protoss Air Weapons Level 1 (Chrono Boost)  
  194  16:11  Nexus  
  194  16:13  Pylon  
  194  16:16  Unknown  
  193  16:23  Observer (Chrono Boost)  
  195  16:28  Probe  
  195  16:30  Shield Battery  
  195  16:31  Observer (Chrono Boost)  
  199  16:34  Shield Battery  
  199  16:38  Oracle (Chrono Boost)  
  194  16:42  Protoss Shields Level 2  
  194  16:43  Tempest (Chrono Boost)  
  193  16:55  Stalker x3  
  193  16:59  Tempest x2  
  191  17:02  Shadow Stride (Chrono Boost)  
  191  17:07  Tempest  
  184  17:16  Probe  
  184  17:17  Dark Templar x4  
  184  17:20  Dark Templar x3  
  193  17:37  Photon Cannon x2  
  193  17:38  Photon Cannon x2  
  193  17:39  Photon Cannon  
  193  17:41  Shield Battery  
  189  17:51  Tempest  
  194  17:52  Dark Templar x3  
  200  18:06  Pylon  
  200  18:07  Pylon  
  200  18:23  Dark Templar x2  
  200  18:24  Dark Templar  
  200  18:43  Protoss Air Armor Level 2, Protoss Air Weapons Level 2  
  194  19:03  Tempest (Chrono Boost)  
  193  19:22  Stalker x4  
  197  19:24  Stalker  
  197  19:30  Stalker x2  
  187  19:34  Tempest (Chrono Boost)  
  187  19:35  Probe  
  185  19:44  Tempest x3 (Chrono Boost)  
  174  19:48  Tempest (Chrono Boost)  
  159  19:57  Stalker x6  
  140  20:20  Tempest  
  136  20:25  Stalker x5  
  136  20:26  Tempest  
  136  20:32  Probe  
  137  20:36  Probe x4  
  120  20:53  Probe  
  120  20:56  Stargate  
  119  20:57  Stargate  
  119  20:58  Fleet Beacon  
  119  21:00  Probe  
  119  21:01  Probe x3  
  119  21:02  Assimilator  
  113  21:05  Stargate, Dark Templar x3  
  113  21:11  Probe  
  120  21:12  Gateway  
  120  21:13  Probe x2  
  120  21:15  Observer  
  120  21:16  Gateway  
  122  21:18  Gateway  
  122  21:21  Shield Battery  
  122  21:22  Probe  
  122  21:23  Shield Battery  
  122  21:24  Probe x2  
  122  21:25  Photon Cannon, Nexus  
  125  21:26  Photon Cannon  
  125  21:28  Photon Cannon  
  125  21:30  Photon Cannon  
  125  21:32  Probe, Shield Battery  
  126  21:35  Probe x2  
  126  21:36  Pylon  
  126  21:38  Probe  
  129  21:41  Photon Cannon  
  129  21:42  Shield Battery  
  149  21:47  Stalker x3  
  149  21:48  Tempest (Chrono Boost)  
  149  21:50  Probe x2, Tempest (Chrono Boost)  
  157  21:55  Assimilator  
  157  21:56  Pylon, Tempest (Chrono Boost)  
  157  21:57  Tempest (Chrono Boost)  
  157  21:59  Assimilator  
  162  22:01  Pylon  
  162  22:04  Tempest (Chrono Boost)  
  162  22:10  Probe  
  162  22:12  Dark Templar x5  
  162  22:14  Dark Templar  
  175  22:17  Tempest (Chrono Boost)  
  183  22:24  Oracle (Chrono Boost)  
  183  22:28  Observer (Chrono Boost)  
  189  22:31  Tempest (Chrono Boost)  
  185  22:39  Tempest  
  185  22:40  Observer (Chrono Boost)  
  185  22:42  Pylon  
  185  22:49  Zealot  
  185  22:50  Zealot x3  
  188  23:01  Observer (Chrono Boost)  
  183  23:12  Stalker x6  
  185  23:14  Observer (Chrono Boost)  
  186  23:22  Tempest x2  
  187  23:33  Observer  
  187  23:35  Stalker x2  
  187  23:36  Stalker  
  159  23:51  Disruptor (Chrono Boost)  
  160  23:59  Probe x2  
  160  24:00  Probe  
  160  24:01  Probe  
  174  24:05  Zealot x4, Stalker x2  
  174  24:08  Probe  
  174  24:09  Photon Cannon  
  187  24:12  Photon Cannon  
  187  24:13  Probe x2  
  187  24:14  Photon Cannon  
  184  24:26  Probe, Tempest (Chrono Boost)  
  158  24:38  Stalker x6  
  153  24:51  Probe  
  154  25:05  Zealot x6  
  166  25:07  Nexus  
  166  25:11  Assimilator  
  162  25:14  Pylon  
  143  25:35  Probe  
  144  25:39  Fleet Beacon  
  144  25:40  Probe (Chrono Boost), Photon Cannon  
  145  25:42  Photon Cannon  
  145  25:43  Zealot x4, Stalker x2  
  145  25:48  Probe (Chrono Boost)  
  161  25:53  Probe (Chrono Boost)  
  161  25:54  Probe x2 (Chrono Boost)  
  164  26:03  Stalker x4  
Show
View Real Time Build Order
Export as new Build Order

uwuThermal Terran - Winner!

Build Orders: Reaper Expand, Banshee Rush 

Get SALT Encoding   

  12  0:01  SCV  
  13  0:13  SCV  
  14  0:17  Supply Depot  
  14  0:25  SCV  
  15  0:39  SCV, Barracks  
  16  0:44  Refinery  
  16  0:51  SCV  
  17  1:03  SCV  
  18  1:15  SCV  
  19  1:27  Reaper, Orbital Command  
  20  1:39  Command Center  
  20  1:50  Supply Depot  
  20  1:53  SCV  
  21  1:59  Marine  
  22  2:06  SCV  
  23  2:09  Factory  
  23  2:16  Bunker  
  23  2:18  SCV  
  23  2:21  Barracks Reactor  
  24  2:27  Refinery  
  24  2:30  SCV  
  25  2:42  SCV  
  26  2:51  Orbital Command  
  26  2:54  SCV  
  26  2:55  Hellion  
  26  2:56  Starport  
  26  2:57  Marine  
  26  2:58  Marine  
  30  3:06  SCV  
  31  3:15  Marine x2  
  31  3:17  SCV  
  31  3:18  Factory Tech Lab, SCV  
  35  3:29  Supply Depot, SCV  
  35  3:30  SCV  
  35  3:33  Marine x2  
  39  3:41  SCV  
  39  3:42  SCV  
  39  3:46  Factory Tech Lab  
  41  3:49  Cloaking Field, Banshee  
  41  3:51  Marine  
  41  3:53  SCV  
  41  3:54  SCV  
  46  4:05  SCV  
  46  4:07  SCV, Marine  
  46  4:09  Marine  
  48  4:12  Siege Tank  
  48  4:13  Supply Depot  
  51  4:17  SCV  
  51  4:19  SCV  
  53  4:27  Command Center  
  53  4:30  SCV  
  54  4:34  Banshee  
  54  4:36  SCV  
  58  4:39  Supply Depot  
  58  4:45  Refinery  
  58  4:46  Refinery  
  58  4:47  SCV  
  58  4:49  SCV  
  60  4:56  Supply Depot  
  60  4:58  Marine  
  60  4:59  Marine  
  62  5:01  Siege Tank, SCV  
  62  5:02  SCV  
  67  5:07  Supply Depot  
  67  5:13  SCV  
  68  5:14  SCV  
  71  5:25  SCV  
  70  5:30  Banshee  
  70  5:32  Hyperflight Rotors  
  70  5:34  SCV  
  74  5:36  Engineering Bay  
  74  5:37  Supply Depot  
  74  5:41  SCV, Orbital Command  
  75  5:44  Widow Mine x2  
  75  5:46  SCV  
  80  5:50  Factory  
  80  5:53  SCV  
  80  5:54  Supply Depot  
  81  5:59  SCV  
  81  6:02  Armory  
  82  6:05  SCV, Widow Mine x2  
  82  6:11  SCV  
  88  6:13  Banshee  
  88  6:18  SCV  
  92  6:23  SCV  
  92  6:24  Missile Turret  
  93  6:27  Orbital Command  
  93  6:28  Widow Mine x2  
  93  6:30  SCV  
  98  6:34  Refinery  
  98  6:35  SCV  
  98  6:36  Starport, Refinery  
  98  6:37  Starport  
  99  6:42  Siege Tank, SCV  
  103  6:47  SCV  
  103  6:49  Widow Mine x2  
  103  6:51  Terran Vehicle And Ship Armor Level 1  
  103  6:52  Supply Depot  
  103  6:53  Missile Turret  
  109  6:54  SCV  
  109  6:55  SCV  
  109  6:59  SCV  
  111  7:01  Banshee  
  111  7:02  Missile Turret  
  111  7:03  Missile Turret  
  111  7:04  Missile Turret  
  111  7:06  SCV  
  111  7:08  SCV  
  116  7:17  Starport Tech Lab  
  116  7:18  Starport Tech Lab  
  116  7:20  SCV x2  
  116  7:22  Siege Tank, Widow Mine  
  117  7:24  SCV  
  117  7:26  Supply Depot  
  117  7:27  Supply Depot  
  118  7:32  SCV  
  118  7:35  SCV  
  118  7:37  Supply Depot, Banshee  
  120  7:43  Widow Mine  
  125  7:48  Widow Mine, Banshee x2  
  125  7:49  Drilling Claws  
  125  7:50  SCV  
  134  7:54  Siege Tank  
  134  7:56  Supply Depot  
  134  7:57  SCV, Command Center  
  138  8:01  Supply Depot  
  138  8:08  Supply Depot  
  138  8:10  Supply Depot  
  138  8:12  Widow Mine x2  
  140  8:21  Banshee  
  140  8:26  Siege Tank  
  146  8:29  Missile Turret  
  146  8:30  Banshee  
  146  8:34  Command Center, Banshee  
  149  8:37  Widow Mine x2  
  149  8:40  Starport x2  
  149  8:41  Supply Depot  
  156  8:43  Neosteel Armor  
  156  8:45  Missile Turret  
  156  8:48  Supply Depot  
  156  8:54  Command Center  
  156  8:58  Fusion Core  
  156  9:00  Siege Tank, Widow Mine  
  156  9:02  Widow Mine  
  163  9:10  Terran Ship Weapons Level 1  
  163  9:20  SCV  
  163  9:23  Banshee  
  167  9:24  Banshee  
  167  9:25  Banshee  
  167  9:26  Missile Turret  
  167  9:30  Missile Turret  
  174  9:31  SCV x2  
  174  9:32  Missile Turret  
  174  9:34  Starport Tech Lab x2  
  174  9:36  SCV  
  173  9:41  Planetary Fortress  
  176  9:45  Siege Tank  
  176  9:46  Widow Mine  
  176  9:49  Unknown  
  176  9:51  Bunker  
  176  9:52  Bunker  
  178  9:54  Orbital Command  
  178  9:58  Banshee x2  
  184  10:03  Missile Turret, SCV  
  185  10:07  SCV  
  185  10:08  Armory  
  185  10:10  Orbital Command  
  186  10:16  Widow Mine  
  186  10:17  Widow Mine  
  190  10:23  Banshee  
  190  10:25  Siege Tank  
  190  10:27  Banshee  
  199  10:42  SCV  
  200  10:47  Command Center  
  197  10:58  Weapon Refit  
  197  10:59  Terran Vehicle And Ship Armor Level 2  
  197  11:11  Command Center x3  
  197  11:18  Battlecruiser  
  197  11:37  Battlecruiser  
  192  11:47  Battlecruiser  
  192  11:50  Battlecruiser  
  192  11:53  Battlecruiser  
  196  12:03  Command Center  
  195  12:23  Battlecruiser  
  195  12:25  Siege Tank  
  195  12:29  Refinery  
  198  12:32  Missile Turret x2  
  198  12:33  Missile Turret  
  198  12:35  Refinery  
  195  12:38  Widow Mine x2  
  195  12:39  Orbital Command x2  
  195  12:43  Battlecruiser  
  198  12:44  Terran Ship Weapons Level 2  
  198  12:46  Armory  
  192  12:53  Planetary Fortress  
  192  12:59  Battlecruiser  
  198  13:06  Planetary Fortress  
  195  13:39  Battlecruiser, Refinery x2  
  192  13:49  Battlecruiser  
  198  13:58  Missile Turret, SCV  
  198  13:59  SCV  
  197  14:35  Battlecruiser  
  194  14:41  Battlecruiser  
  194  14:42  Terran Vehicle And Ship Armor Level 3  
  194  14:44  SCV  
  194  14:45  Battlecruiser  
  195  14:46  Widow Mine x2  
  199  14:54  Command Center  
  199  15:02  Starport  
  199  15:03  Starport  
  199  15:07  Starport  
  199  15:10  Sensor Tower  
  199  15:13  Sensor Tower  
  199  15:19  Orbital Command, Sensor Tower  
  196  15:30  Widow Mine x2  
  197  15:41  Battlecruiser  
  197  15:51  Starport  
  197  15:52  Starport  
  197  15:56  Starport  
  197  15:58  Widow Mine  
  199  16:22  Battlecruiser  
  196  16:33  Command Center  
  196  16:34  Command Center  
  196  16:38  Terran Ship Weapons Level 3  
  196  16:44  Sensor Tower  
  196  16:56  Battlecruiser  
  196  16:57  Starport Tech Lab x3  
  196  16:59  Starport Tech Lab x3  
  192  17:06  Widow Mine x2  
  192  17:07  Widow Mine  
  192  17:18  Hi-Sec Auto Tracking  
  192  17:20  Missile Turret  
  192  17:21  Missile Turret  
  192  17:23  Corvid Reactor  
  192  17:28  Widow Mine x3  
  197  17:47  Orbital Command  
  197  17:49  Widow Mine  
  197  17:50  Command Center  
  199  17:57  Raven x2  
  196  18:01  Widow Mine  
  196  18:06  Widow Mine  
  196  18:10  Widow Mine  
  196  18:11  Refinery  
  196  18:20  Missile Turret  
  196  18:29  Widow Mine  
  196  18:32  Widow Mine  
  187  19:01  Battlecruiser x2  
  199  19:05  Command Center  
  199  19:07  Missile Turret  
  197  19:21  Widow Mine  
  197  19:23  Orbital Command  
  196  19:33  Widow Mine x2  
  194  19:53  Widow Mine  
  194  19:58  Battlecruiser  
  200  20:06  Missile Turret  
  191  20:16  Battlecruiser  
  191  20:19  Battlecruiser  
  191  20:20  Widow Mine  
  180  20:24  Raven  
  182  20:32  Battlecruiser  
  176  20:49  Orbital Command  
  176  20:50  Orbital Command  
  176  20:54  Planetary Fortress  
  176  20:59  SCV  
  176  21:00  Orbital Command  
  176  21:03  SCV  
  173  21:08  SCV  
  175  21:13  Planetary Fortress  
  174  21:19  Missile Turret  
  174  21:20  SCV  
  175  21:34  SCV x5  
  175  21:39  SCV  
  181  21:41  SCV  
  181  21:44  Battlecruiser  
  181  21:45  SCV  
  189  21:48  SCV  
  189  21:49  Battlecruiser  
  189  21:53  SCV  
  197  21:54  SCV  
  198  22:10  Command Center x2  
  198  22:12  Orbital Command  
  191  23:07  Missile Turret  
  191  23:12  Battlecruiser  
  193  23:34  Battlecruiser  
  196  23:58  Orbital Command  
  162  24:39  Battlecruiser x5  
  162  24:41  Widow Mine x2  
  176  24:48  SCV  
  176  24:50  Refinery  
  176  24:51  SCV x7  
  176  24:52  SCV  
  185  24:58  Widow Mine  
  185  24:59  SCV  
  188  25:01  SCV  
  189  25:08  SCV  
  189  25:10  Refinery  
  189  25:13  SCV  
  191  25:20  SCV  
  190  25:28  Widow Mine  
  189  25:29  SCV  
  189  25:34  Missile Turret, SCV  
  191  25:36  Refinery  
  191  25:37  SCV  
  191  25:38  Orbital Command  
  192  25:43  Missile Turret  
  192  25:50  SCV  
  192  25:52  SCV  
  192  25:53  SCV  
  192  25:55  SCV  
  197  25:57  SCV  
  197  25:58  Refinery  
  197  26:00  SCV  
  198  26:04  SCV  
  198  26:10  SCV  
Tags
 
Add a new tag
Caveats
  • Supply blocks, unpowered buildings, or Contaminate may cause inaccurate times.
  • Supply counts are checked every 10 seconds.